 Dungeon Crawl Stone Soup version 0.31.0-12-g77e489cdc1 (webtiles) character file.

Game seed: 3545569728854650690

53 Gadfly the Insei (level 3, -6/29 HPs)
             Began as a Demonspawn Monk on Feb 13, 2024.
             Killed from afar by Natasha (8 damage)
             ... with a magic dart
             ... on level 2 of the Dungeon.
             The game lasted 00:03:50 (1259 turns).

Gadfly the Insei (Demonspawn Monk)                  Turns: 1259, Time: 00:03:51

Health: -6/29      AC:  3    Str: 13    XL:     3   Next: 64%
Magic:  3/3        EV: 13    Int: 10    God:
Gold:   13         SH:  0    Dex: 15    Spells: 2/2 levels left

rFire   . .          .
                       - Unarmed
rCold   . . .        c - orb {light}
rNeg    . . .        a - +0 robe
rPois   .            (no helmet)
rElec   .            d - +0 cloak
rCorr   .            (no gloves)
SInv    .            (no boots)
Will    .....        (no amulet)
Stlth   +            (no ring)
HPRegen 0.24/turn    (no ring)
MPRegen 0.08/turn

%: no passive effects
@: slowed, glowing, very slow
A: demonic touch 1
a: no special abilities


You were on level 2 of the Dungeon.
You visited 1 branch of the dungeon, and saw 2 of its levels.

You collected 13 gold pieces.

Inventory:

Armour
 a - a +0 robe (worn)
 c - an orb of light (worn)
 d - a +0 cloak (worn)
Scrolls
 e - a scroll of torment {unknown}
Potions
 b - a potion of ambrosia
 f - a potion of haste {unknown}


   Skills:
 - Level 3.0 Fighting
 + Level 3.0 Dodging
 * Level 3.1 Unarmed Combat
 * Level 1.4 Evocations
 * Level 1.3 Shapeshifting


You had 2 spell levels left.
You didn't know any spells.
Your spell library was empty.

Dungeon Overview and Level Annotations

Branches:
Dungeon (2/15)

Altars:

Shops:
D:1 (

Annotations:
D:2 Natasha


Innate Abilities, Weirdness & Mutations

Your touch may inflict minor irresistible damage on your foes.


Message History

You barely miss the cerulean imp.
The cerulean imp is heavily wounded.
Natasha claws you.
The cerulean imp hits you with a +1 spear.
You barely miss the cerulean imp.
The cerulean imp is heavily wounded.
Natasha mumbles some strange words.
The cerulean imp hits you with a +1 spear.
You hit the cerulean imp but do no damage.
The cerulean imp is heavily wounded.
Natasha claws you but does no damage. The cerulean imp closely misses you.
The cerulean imp hits you from afar with a +0 spear.
You are too injured to fight recklessly!
You are too injured to fight recklessly!
You are too injured to fight recklessly!
You are too injured to fight recklessly!
You are too injured to fight recklessly!
You are too injured to fight recklessly!
You are too injured to fight recklessly!
Unknown command.
Natasha stares at you and mumbles some strange words.
You feel yourself slow down.
The cerulean imp hits you from afar with a +1 spear.
The cerulean imp hits you but does no damage.
The cerulean imp hits you from afar with a +0 spear.
* * * LOW HITPOINT WARNING * * *
The cerulean imp completely misses you.
The cerulean imp attacks as it pursues you!
The cerulean imp completely misses you. Natasha claws you.
* * * LOW HITPOINT WARNING * * *
The cerulean imp hits you but does no damage. x2
Natasha attacks as she pursues you! Natasha claws you.
* * * LOW HITPOINT WARNING * * *
The cerulean imp hits you from afar with a +0 spear.
* * * LOW HITPOINT WARNING * * *
Natasha hisses.
Natasha stares at you and mumbles some strange words.
The magic dart hits you!
You die...
Natasha begins licking her fur clean.

>. ##..####
#. ##....#
......####.#
....... #.#
....... ##.#
....... #..#
.......##.##
.......#.>#
.......#@##
.... #.h#
.!...##5####
##.....5...#
...........#
#..........#
##.........#
#.........#
#.........#


You could see Natasha and 2 cerulean imps.

Vanquished Creatures
  A ribbon worm (D:2)
  6 ball pythons
  3 endoplasms (D:1)
  2 giant cockroaches
  5 goblins
  6 hobgoblins
  6 jackals (D:1)
  A kobold (D:1)
  3 quokkas
  4 bats
  A frilled lizard (D:1)
  4 rats (D:1)
42 creatures vanquished.

Notes
Turn   | Place    | Note
-------+----------+-------------------------------------------
     0 | D:1      | Gadfly the Demonspawn Monk began the quest for the Orb.
     0 | D:1      | Reached XP level 1. HP: 18/18 MP: 1/1
   174 | D:1      | Gained mutation: Your touch may inflict minor irresistible
                  | damage on your foes. [demonic ancestry]
   174 | D:1      | Reached XP level 2. HP: 22/24 MP: 2/2
   357 | D:1      | HP: 1/24 [hobgoblin (3)]
   359 | D:1      | Reached skill level 1 in Evocations
   492 | D:1      | Found Ucuqi's Weapon Shop.
   551 | D:1      | Reached skill level 1 in Shapeshifting
   595 | D:1      | Reached XP level 3. HP: 10/29 MP: 3/3
  1245 | D:2      | Noticed Natasha
  1259 | D:2      | Killed from afar by Natasha

Illustrated notes

Levels and vault maps discovered:
D:1:      amcnicky_arrival_gap_in_the_tavern_cellar, layout_rooms, serial_shops,
          nicolae_shop_pleasant_corner_grove, amethyst_killhole, fountainhead,
          minmay_misc_feat_alley, minivault_11, chequers_avenue,
          hangedman_decor_lopped, chequers_serial_rivers_marsh
D:2:      layout_rooms, dilly_ecumenical_altar_fadedgnrine, minivault_24,
          minmay_randomly_rotated_circles, uniq_natasha, uniq_sigmund

Skill      XL: |  1  2  3 |
---------------+----------+-----
Unarmed Combat | 3 |  3.1
Evocations     | 1 |  1.4
Shapeshifting  | 1 |  1.3
Dodging        | 3 |  3.0
Fighting       | |  3.0

Action                     || total
---------------------------++-------
  Melee: Unarmed           ||   177
    Use: Scroll            ||     1
 Armour: Robe              ||    95
  Dodge: Dodged            ||   144
